3L
OAKLAND OAKS @ ECHO PARK LAKERS
07/18/2031
 
TOP OF THE 1ST
Oakland Oaks batting - Pitching for Echo Park Lakers : RHP Shawn Williams
Pitching: RHP Shawn Williams
Batting: SHB Luis Luquín 0-0: Called Strike
0-1: Ground out 4-3 (Groundball, 4)
Batting: RHB Yehonatan Chazan 0-0: Ball
1-0: Swinging Strike
1-1: Ground out 6-3 (Groundball, 6S)
Batting: LHB Todd Henry 0-0: Swinging Strike
0-1: Swinging Strike
0-2: Foul Ball, location: 2F
0-2: Ball
1-2: SINGLE (Flyball, 78S)
Batting: RHB Chad Shafer 0-0: Foul Ball, location: 2F
0-1: Swinging Strike
0-2: Ball
1-2: Ball
2-2: Strikes out looking
Top of the 1st over - 0 runs, 1 hit, 0 errors, 1 left on base; Oakland 0 - Echo Park 0
BOTTOM OF THE 1ST
Echo Park Lakers batting - Pitching for Oakland Oaks : LHP Felipe Lozano
Pitching: LHP Felipe Lozano
Batting: RHB Guillermo Coss 0-0: Ball
1-0: Foul Ball, location: 2F
1-1: Ball
2-1: Fly out, F5 (Line Drive, 5S)
Batting: RHB Miguel Morán 0-0: Called Strike
0-1: SINGLE (Line Drive, 56D)
Batting: RHB Kumanosuke Abe 0-0: Called Strike
0-1: Ball
1-1: Foul Ball, location: 2F
Pickoff Throw to First - Out!
1-2: Strikes out swinging
Bottom of the 1st over - 0 runs, 1 hit, 0 errors, 0 left on base; Oakland 0 - Echo Park 0
TOP OF THE 2ND
Oakland Oaks batting - Pitching for Echo Park Lakers : RHP Shawn Williams
Batting: RHB Mike Wazowski 0-0: Ball
1-0: Ball
2-0: Fly out, F7 (Flyball, 78M)
Batting: RHB Alfonso Nazario 0-0: Called Strike
0-1: Fly out, F8 (Flyball, 8LXD)
Batting: RHB Joseph Papasogli 0-0: Ball
1-0: Called Strike
1-1: Ball
2-1: SINGLE (Groundball, 56D)
Batting: SHB Orlando Villa 0-0: Ball
Joseph Papasogli is caught stealing 2nd base
Top of the 2nd over - 0 runs, 1 hit, 0 errors, 0 left on base; Oakland 0 - Echo Park 0
BOTTOM OF THE 2ND
Echo Park Lakers batting - Pitching for Oakland Oaks : LHP Felipe Lozano
Batting: RHB Yoshihito Samurakami 0-0: Ball
1-0: SINGLE (Groundball, 6MD)
Batting: RHB Chris Harrell 0-0: Foul Ball, location: 2F
0-1: Fly out, F7 (Flyball, 7LMF)
Batting: RHB Freddy Torres 0-0: Ball
1-0: Foul Ball, location: 2F
1-1: Called Strike
1-2: Ball
2-2: Ball
3-2: Fly out, F8 (Flyball, 8RD)
Batting: RHB Alfredo Mojica 0-0: Called Strike
0-1: Swinging Strike
0-2: Ball
1-2: Ball
2-2: Strikes out swinging
Bottom of the 2nd over - 0 runs, 1 hit, 0 errors, 1 left on base; Oakland 0 - Echo Park 0
TOP OF THE 3RD
Oakland Oaks batting - Pitching for Echo Park Lakers : RHP Shawn Williams
Batting: SHB Orlando Villa 0-0: Ball
1-0: Ball
2-0: Swinging Strike
2-1: Ground out 6-3 (Groundball, 56)
Batting: RHB Mark Finney 0-0: SINGLE (Groundball, 5S) (infield hit)
Batting: SHB Luis Luquín 0-0: Ball
Mark Finney is caught stealing 2nd base
1-0: Ball
2-0: Called Strike
2-1: Foul Ball, location: 2F
2-2: Strikes out looking
Top of the 3rd over - 0 runs, 1 hit, 0 errors, 0 left on base; Oakland 0 - Echo Park 0
BOTTOM OF THE 3RD
Echo Park Lakers batting - Pitching for Oakland Oaks : LHP Felipe Lozano
Batting: RHB Ismael Sandoval 0-0: Ball
1-0: Called Strike
1-1: Called Strike
1-2: Foul Ball, location: 2F
1-2: Ball
2-2: Strikes out looking
Batting: LHB Bartolo Sierra 0-0: Foul Ball, location: 2F
0-1: Called Strike
0-2: Strikes out looking
Batting: RHB Guillermo Coss 0-0: Foul Ball, location: 2F
0-1: SINGLE (Line Drive, 56D)
Batting: RHB Miguel Morán 0-0: Foul Ball, location: 2F
0-1: Ball
1-1: Ball
2-1: Foul Ball, location: 2F
2-2: Foul Ball, location: 2F
2-2: Foul Ball, location: 2F
2-2: Fielders Choice at 2nd, 6-4 (Groundball, 56D)
Bottom of the 3rd over - 0 runs, 1 hit, 0 errors, 1 left on base; Oakland 0 - Echo Park 0
TOP OF THE 4TH
Oakland Oaks batting - Pitching for Echo Park Lakers : RHP Shawn Williams
Batting: RHB Yehonatan Chazan 0-0: Called Strike
0-1: Ball
1-1: Foul Ball, location: 2F
1-2: Hit by Pitch
Batting: LHB Todd Henry 0-0: Ball
Throwing error on steal attempt, E2
Yehonatan Chazan to third
1-0: SINGLE (Groundball, 4) (infield hit)
Yehonatan Chazan scores
Batting: RHB Chad Shafer 0-0: Ball
1-0: Foul Ball, location: 2F
1-1: Called Strike
1-2: Foul Ball, location: 2F
1-2: SINGLE (Groundball, 56D)
Todd Henry to second
Batting: RHB Mike Wazowski 0-0: Ball
1-0: Ball
2-0: Swinging Strike
2-1: Foul Ball, location: 2F
2-2: Strikes out looking
Batting: RHB Alfonso Nazario 0-0: Called Strike
0-1: Grounds into double play, U5-3 (Groundball, 5L)
Top of the 4th over - 1 run, 2 hits, 1 error, 1 left on base; Oakland 1 - Echo Park 0
BOTTOM OF THE 4TH
Echo Park Lakers batting - Pitching for Oakland Oaks : LHP Felipe Lozano
Batting: RHB Kumanosuke Abe 0-0: Foul Ball, location: 2F
0-1: Ball
1-1: Fly out, F8 (Flyball, 89D)
Batting: RHB Yoshihito Samurakami 0-0: Swinging Strike
0-1: Ball
1-1: Ball
2-1: Foul Ball, location: 2F
2-2: Ball
3-2: Foul Ball, location: 2F
3-2: SINGLE (Flyball, 9S)
Batting: RHB Chris Harrell 0-0: Ball
1-0: Ball
2-0: Foul Ball, location: 2F
2-1: Ball
3-1: Base on Balls
Yoshihito Samurakami to second
Batting: RHB Freddy Torres 0-0: Called Strike
0-1: Foul Ball, location: 2F
0-2: Strikes out swinging
Batting: RHB Alfredo Mojica 0-0: Ground out 5-3 (Groundball, 56S)
Bottom of the 4th over - 0 runs, 1 hit, 0 errors, 2 left on base; Oakland 1 - Echo Park 0
TOP OF THE 5TH
Oakland Oaks batting - Pitching for Echo Park Lakers : RHP Shawn Williams
Batting: RHB Joseph Papasogli 0-0: Ball
1-0: Ball
2-0: TRIPLE (Flyball, 7D)
Batting: SHB Orlando Villa 0-0: Intentional Walk
Batting: RHB Mark Finney 0-0: Ball
1-0: Ball
2-0: Called Strike
Throwing error on steal attempt, E2
Joseph Papasogli scores
Orlando Villa to third
2-1: Ball
3-1: Foul Ball, location: 2F
3-2: Fly out, F7 (Line Drive, 7LD)
Runner from 3rd tags up, SCORES, no throw
Batting: SHB Luis Luquín 0-0: Ball
1-0: Ball
2-0: Called Strike
2-1: Called Strike
2-2: Strikes out looking
Batting: RHB Yehonatan Chazan 0-0: Ball
1-0: Called Strike
1-1: Swinging Strike
1-2: Ball
2-2: Ball
3-2: Strikes out looking
Top of the 5th over - 2 runs, 1 hit, 1 error, 0 left on base; Oakland 3 - Echo Park 0
BOTTOM OF THE 5TH
Echo Park Lakers batting - Pitching for Oakland Oaks : LHP Felipe Lozano
Batting: RHB Ismael Sandoval 0-0: SINGLE (Flyball, 78M)
Batting: LHB Bartolo Sierra 0-0: Foul Ball, location: 2F
0-1: Ground out U3 (Groundball, 3)
Ismael Sandoval to second
Batting: RHB Guillermo Coss 0-0: Foul Ball, location: 2F
0-1: Ground out 1-3 (Groundball, P)
Ismael Sandoval to third
Batting: RHB Miguel Morán 0-0: Foul Ball, location: 2F
0-1: Swinging Strike
0-2: Ball
1-2: Foul Ball, location: 2F
1-2: Foul Ball, location: 2F
1-2: Strikes out swinging
Bottom of the 5th over - 0 runs, 1 hit, 0 errors, 1 left on base; Oakland 3 - Echo Park 0
TOP OF THE 6TH
Oakland Oaks batting - Pitching for Echo Park Lakers : RHP Shawn Williams
Batting: LHB Todd Henry 0-0: Ball
1-0: Ball
2-0: Ball
3-0: Base on Balls
Batting: RHB Chad Shafer 0-0: Called Strike
0-1: Foul Ball, location: 2F
0-2: Ball
1-2: Strikes out looking
Batting: RHB Mike Wazowski 0-0: Ball
1-0: Ball
2-0: Ball
3-0: Base on Balls
Todd Henry to second
Batting: RHB Alfonso Nazario 0-0: Called Strike
0-1: Grounds into double play, 4-6-3 (Groundball, 4)
Top of the 6th over - 0 runs, 0 hits, 0 errors, 1 left on base; Oakland 3 - Echo Park 0
BOTTOM OF THE 6TH
Echo Park Lakers batting - Pitching for Oakland Oaks : LHP Felipe Lozano
Batting: RHB Kumanosuke Abe 0-0: Foul Ball, location: 2F
0-1: Foul Ball, location: 2F
0-2: Ball
1-2: Ball
2-2: SINGLE (Line Drive, 9S)
Batting: RHB Yoshihito Samurakami 0-0: Grounds into double play, 6-4-3 (Groundball, 6M)
Batting: RHB Chris Harrell 0-0: Ground out 6-3 (Groundball, 56)
Bottom of the 6th over - 0 runs, 1 hit, 0 errors, 0 left on base; Oakland 3 - Echo Park 0
TOP OF THE 7TH
Oakland Oaks batting - Pitching for Echo Park Lakers : RHP Shawn Williams
Batting: RHB Joseph Papasogli 0-0: Ground out 6-3 (Groundball, 6M)
Batting: SHB Orlando Villa 0-0: Ball
1-0: Ball
2-0: Called Strike
2-1: Ground out 5-3 (Groundball, 56)
Batting: RHB Mark Finney 0-0: Swinging Strike
0-1: Swinging Strike
0-2: Foul Ball, location: 2F
0-2: Ball
1-2: Ball
2-2: Ball
3-2: Base on Balls
Batting: SHB Luis Luquín 0-0: Called Strike
0-1: Ball
1-1: Called Strike
1-2: Strikes out swinging
Top of the 7th over - 0 runs, 0 hits, 0 errors, 1 left on base; Oakland 3 - Echo Park 0
BOTTOM OF THE 7TH
Echo Park Lakers batting - Pitching for Oakland Oaks : LHP Felipe Lozano
Batting: RHB Freddy Torres 0-0: Ground out 6-3 (Groundball, 6)
Batting: RHB Alfredo Mojica 0-0: Ball
1-0: Swinging Strike
1-1: Ground out 6-3 (Groundball, 6)
Batting: RHB Ismael Sandoval 0-0: Ball
1-0: Ball
2-0: Called Strike
2-1: SINGLE (Flyball, 89S)
Batting: LHB Bartolo Sierra 0-0: Fielders Choice at 2nd, 6-4 (Groundball, 6)
Bottom of the 7th over - 0 runs, 1 hit, 0 errors, 1 left on base; Oakland 3 - Echo Park 0
TOP OF THE 8TH
Oakland Oaks batting - Pitching for Echo Park Lakers : RHP Shawn Williams
Batting: RHB Yehonatan Chazan 0-0: Called Strike
0-1: Fly out, F8 (Flyball, 8LS)
Batting: LHB Todd Henry 0-0: Called Strike
0-1: DOUBLE (Groundball, 3L)
Batting: RHB Chad Shafer 0-0: Ball
1-0: Ground out 5-3 (Groundball, 56)
Pitching: LHP Mike Owens
Batting: RHB Mike Wazowski 0-0: Foul Ball, location: 2F
0-1: Ground out 5-3 (Groundball, 56)
Top of the 8th over - 0 runs, 1 hit, 0 errors, 1 left on base; Oakland 3 - Echo Park 0
BOTTOM OF THE 8TH
Echo Park Lakers batting - Pitching for Oakland Oaks : LHP Felipe Lozano
Batting: RHB Guillermo Coss 0-0: Ball
1-0: Ball
2-0: Fly out, F6 (Line Drive, 6)
Batting: RHB Miguel Morán 0-0: SINGLE (Line Drive, 56)
Batting: RHB Kumanosuke Abe 0-0: Ball
1-0: Ball
2-0: Ball
3-0: Base on Balls
Miguel Morán to second
Pitching: RHP Chae-seong Kim
Batting: RHB Yoshihito Samurakami 0-0: Called Strike
0-1: Ball
1-1: Ball
2-1: Grounds into double play, 6-4-3 (Groundball, 6)
Bottom of the 8th over - 0 runs, 1 hit, 0 errors, 1 left on base; Oakland 3 - Echo Park 0
TOP OF THE 9TH
Oakland Oaks batting - Pitching for Echo Park Lakers : LHP Mike Owens
Batting: RHB Alfonso Nazario 0-0: Foul Ball, location: 2F
0-1: Ball
1-1: Ball
2-1: Called Strike
2-2: Ball
3-2: Base on Balls
Batting: RHB Joseph Papasogli 0-0: Ball
1-0: Sac Bunt - play at first, batter OUT! 5-4
Alfonso Nazario to second
Batting: SHB Orlando Villa 0-0: Foul Ball, location: 2F
0-1: Called Strike
0-2: Strikes out looking
Batting: RHB Mark Finney 0-0: Ball
1-0: Ground out 5-3 (Groundball, 56)
Top of the 9th over - 0 runs, 0 hits, 0 errors, 1 left on base; Oakland 3 - Echo Park 0
BOTTOM OF THE 9TH
Echo Park Lakers batting - Pitching for Oakland Oaks : RHP Chae-seong Kim
Pitching: RHP Gil Brown
Batting: RHB Chris Harrell 0-0: Ball
1-0: Called Strike
1-1: Swinging Strike
1-2: Strikes out swinging
Batting: RHB Freddy Torres 0-0: Ball
1-0: Ball
2-0: Ball
3-0: Base on Balls
Batting: RHB Alfredo Mojica 0-0: Called Strike
0-1: Fly out, F8 (Flyball, 78D)
Batting: RHB Ismael Sandoval 0-0: Ball
1-0: Ball
2-0: Ball
3-0: Called Strike
3-1: Foul Ball, location: 2F
3-2: Ground out 4-3 (Groundball, 4)
Bottom of the 9th over - 0 runs, 0 hits, 0 errors, 1 left on base; Oakland 3 - Echo Park 0
Tuesday, June 12th, 2018 - OOTP Baseball 18.8 Build 76